 Dungeon Crawl Stone Soup version 0.19.0-24-gb05acd6 (webtiles) character file.

1881 Lochraine the Carver (level 8, 0/56 HPs)
             Began as a High Elf Skald on Nov 22, 2016.
             Was a Believer of Yredelemnul.
             Slain by an orc wizard
             ... wielding a +2 dagger of electrocution
              (12 damage)
             ... on level 7 of the Dungeon.
             The game lasted 00:20:30 (8270 turns).

Lochraine the Carver (High Elf Skald)               Turns: 8270, Time: 00:20:30

Health: 0/56       AC: 17    Str: 17    XL:     8   Next: 91%
Magic:  12/12      EV:  7    Int: 12    God:    Yredelemnul [**....]
Gold:   359        SH:  5    Dex: 18    Spells: 2 memorised, 9 levels left

rFire  . . .     SeeInvis +     a - +0 falchion
rCold  . . .     Gourm    .     s - +7 chain mail of the Crown {Dex+2}
rNeg   + . .     Faith    .     H - +0 buckler
rPois  .         Spirit   .     (no helmet)
rElec  .         Reflect  .     (no cloak)
rCorr  .         Harm     .     F - +0 pair of gloves of Springtime {rN+ Str+4 Int-3 Stlth+}
MR     .....                    (no boots)
Stlth  +.........               (no amulet)
                                q - ring of see invisible
                                E - ring of stealth

@: exhausted, slowed, drained, very slow
A: no striking features
a: Animate Remains, Recall Undead Slaves, Injury Mirror, Renounce Religion


You were on level 7 of the Dungeon.
You worshipped Yredelemnul.
Yredelemnul was pleased with you.
You were very hungry.

You visited 1 branch of the dungeon, and saw 8 of its levels.

You collected 359 gold pieces.

Inventory:

Hand Weapons
 a - a +0 falchion (weapon)
 b - a +0 blowgun
Missiles
 w - 15 poisoned needles
 K - a throwing net (quivered)
Armour
 k - a +1 troll leather armour
 s - the +7 chain mail of the Crown (worn) {Dex+2}
   (You found it on level 2 of the Dungeon)

   It affects your dexterity (+2).
 F - the +0 pair of gloves of Springtime (worn) {rN+ Str+4 Int-3 Stlth+}
   (You found it on level 5 of the Dungeon)

   It affects your strength (+4).
   It affects your intelligence (-3).
   It protects you from negative energy.
   It makes you more stealthy.
 H - a +0 buckler (worn)
 P - a +0 leather armour
Jewellery
 e - an uncursed ring of magical power
 q - a ring of see invisible (right hand)
 E - a ring of stealth (left hand)
Wands
 G - a wand of flame (17/48)
Scrolls
 f - a scroll of immolation {unknown}
 g - 2 scrolls of teleportation
 i - 5 scrolls of identify
 j - 4 scrolls of enchant armour
 n - a scroll of fog {unknown}
 o - a scroll of magic mapping
 u - a scroll of enchant weapon {unknown}
 v - 5 scrolls of remove curse
 y - a scroll of random uselessness {unknown}
 J - a scroll of fear {unknown}
 L - a scroll of blinking {unknown}
 N - a scroll of silence {unknown}
 O - a scroll of noise {unknown}
 R - a scroll of summoning {unknown}
Potions
 l - a potion of magic
 m - a potion of heal wounds
 p - 4 potions of invisibility
 r - a potion of resistance {unknown}
 x - 3 potions of curing
 z - a potion of ambrosia {unknown}
 A - 4 potions of lignification {unknown}
 B - a potion of degeneration {unknown}
 D - a potion of agility {unknown}
 M - a potion of flight {unknown}
 Q - a potion of haste {unknown}
Books
 c - a book of Battle

   Spells                             Type                      Level
   a - Infusion                       Charms                       1
   b - Shroud of Golubria             Charms/Translocation         2
   c - Song of Slaying                Charms                       2
   d - Spectral Weapon                Hexes/Charms                 3
   e - Regeneration                   Charms/Necromancy            3
Comestibles
 d - 5 bread rations
 h - a slice of pizza
 t - 2 beef jerkies


   Skills:
 + Level 5.4(5.2) Fighting
 * Level 9.5(9.3) Long Blades
 + Level 4.4(4.3) Armour
 - Level 1.1(0.9) Dodging
 + Level 2.1(2.0) Shields
 - Level 2.5(2.4) Spellcasting
 - Level 4.3(4.2) Charms
 + Level 3.2(3.1) Invocations


You had 9 spell levels left.
You knew the following spells:

 Your Spells              Type           Power        Failure   Level  Hunger
a - Infusion              Chrm           ##..         86%         1    ##.....
b - Song of Slaying       Chrm           ##......     96%         2    ###....


Dungeon Overview and Level Annotations

Branches:
Dungeon (8/15)             Temple (0/1) D:4
   Lair: D:8-11

Altars:
Cheibriados
Kikubaaqudgha
Qazlal
Xom
Yredelemnul

Shops:
D:5 [

Annotations:
D:8 MirrMurr's ghost, novice GrFi


Message History

You feel yourself slow down. The orc wizard completely misses you.
Things that are here:
a dagger of draining; a robe You hit the orc wizard but do no damage.
The orc wizard hits you with a dagger of electrocution. x2
You closely miss the orc wizard.
The orc wizard gestures wildly while chanting.
The orc wizard hits you but does no damage.
You hit the orc wizard but do no damage.
The orc wizard hits you but does no damage.
You are electrocuted!
The orc wizard hits you but does no damage.
You miss the orc wizard.
The orc wizard hits you but does no damage.
You are electrocuted!
* * * LOW HITPOINT WARNING * * *
The orc wizard hits you but does no damage.
You are electrocuted!
You die...
Your body rises from the dead as a mindless zombie.

#............# #.......
#............# #.......
#.#..........# #....... .#
#.#.....o.[..# ###.....## .#
#....>.......# #...#..## .#
##.##.#..##### #.###.## .#
#..#.#...# #.##..# .#
##...#.#.#########....## .#
#..##...o@)........### .#
##......##.#####...###
.######..###.###.###.......#
)##.......##.# #...........#
.............###.####......######
.##.......#####..####......#.....
###.......#####.....#......#.....
###o......##....###.#............
..........##....# #.#......#.....


You could see an orc wizard.

Vanquished Creatures
  A wyvern (D:4)
  5 ogres
  An orc warrior (D:7)
  An ice beast (D:7)
  A sky beast (D:5)
  A crocodile (D:7)
  A wyvern skeleton (D:7)
  3 scorpions
  2 howler monkeys (D:4)
  A crimson imp (D:5)
  2 hounds
  4 orc priests
  3 iguanas
  4 orc wizards
  3 worker ants
  A killer bee zombie (D:4)
  A hound skeleton (D:4)
  3 gnolls
  A howler monkey skeleton (D:7)
  5 adders
  2 shadow imps (D:7)
  An ooze (D:1)
  An adder skeleton (D:7)
  A worm (D:5)
  6 leopard geckos
  21 orcs
  6 bats
  3 giant cockroaches
  8 goblins
  6 hobgoblins (D:2)
  2 jackals (D:3)
  4 kobolds
  3 quokkas (D:2)
  4 ball pythons
  4 frilled lizards
  2 leopard gecko skeletons
  A quokka skeleton (D:6)
  7 rats
  2 rat zombies (D:6)
128 creatures vanquished.

Notes
Turn   | Place    | Note
-------+----------+-------------------------------------------
     0 | D:1      | Lochraine the High Elf Skald began the quest for the Orb.
     0 | D:1      | Reached XP level 1. HP: 14/14 MP: 4/4
   291 | D:1      | Reached XP level 2. HP: 19/19 MP: 6/6
  1050 | D:2      | Reached skill level 3 in Long Blades
  1070 | D:2      | Reached XP level 3. HP: 24/24 MP: 4/7
  1357 | D:2      | Learned a level 2 spell: Song of Slaying
  1515 | D:2      | Found a shimmering altar of Xom.
  1517 | D:2      | Found a bloodstained altar of Trog.
  1517 | D:2      | Found a snail-covered altar of Cheibriados.
  1519 | D:2      | Found a glowing silver altar of Zin.
  1519 | D:2      | Found an opulent altar of Gozag.
  1519 | D:2      | Found a deep blue altar of Sif Muna.
  1656 | D:2      | Got a jewelled chain mail
  1667 | D:2      | Identified the +7 chain mail of the Crown {Dex+2} (You found it on level 2 of the Dungeon)
  1954 | D:2      | Reached skill level 1 in Armour
  2377 | D:2      | Reached skill level 4 in Long Blades
  2524 | D:3      | Reached XP level 4. HP: 25/29 MP: 8/8
  2947 | D:3      | Found a basalt altar of Yredelemnul.
  2963 | D:3      | Became a worshipper of Yredelemnul the Dark
  3284 | D:4      | Noticed an ogre
  3319 | D:3      | Killed an ogre
  3319 | D:3      | Reached skill level 5 in Long Blades
  3319 | D:3      | Reached XP level 5. HP: 12/36 MP: 9/9
  3615 | D:4      | Reached XP level 6. HP: 39/42 MP: 10/10
  3799 | D:4      | Reached skill level 6 in Long Blades
  3919 | D:4      | Found a staircase to the Ecumenical Temple.
  4124 | D:4      | Reached XP level 7. HP: 21/47 MP: 11/11
  4360 | D:4      | Reached skill level 7 in Long Blades
  4572 | D:4      | Noticed a wyvern
  4588 | D:4      | Killed a wyvern
  4620 | D:5      | Entered Level 5 of the Dungeon
  5043 | D:5      | Reached * piety under Yredelemnul
  5332 | D:5      | Got a pair of warped gloves
  5361 | D:5      | Identified the +0 pair of gloves of Springtime {rN+ Str+4 Int-3 Stlth+} (You found it on level 5 of the Dungeon)
  5368 | D:5      | Found Nailab's Armour Emporium.
  5632 | D:6      | Reached skill level 1 in Invocations
  5744 | D:6      | Reached skill level 8 in Long Blades
  5885 | D:6      | Found an ancient bone altar of Kikubaaqudgha.
  6342 | D:5      | Reached skill level 1 in Shields
  6342 | D:5      | Reached XP level 8. HP: 54/54 MP: 12/12
  6617 | D:7      | Found a snail-covered altar of Cheibriados.
  7027 | D:7      | Reached skill level 9 in Long Blades
  7031 | D:7      | Found a stormy altar of Qazlal.
  7047 | D:7      | Reached skill level 5 in Fighting
  8011 | D:7      | Reached ** piety under Yredelemnul
  8214 | D:8      | Noticed MirrMurr's ghost (novice GrFi)
  8270 | D:7      | Slain by an orc wizard

Skill      XL: |  1  2  3  4  5  6  7  8 |
---------------+-------------------------+-----
Charms         | 4 |  4.3
Long Blades    | 3 4 5 6 8 9 |  9.5
Armour         | 1 2 3 4 |  4.4
Fighting       | 3 4 5 |  5.4
Invocations    | 1 3 |  3.2
Shields        | 1 2 |  2.1
Dodging        | |  1.1
Spellcasting   | |  2.5

Action                   |  1- 3 |  4- 6 |  7- 9 || total
-------------------------+-------+-------+-------++-------
Melee: Falchion          |   119 |   170 |   401 ||   690
 Fire: Blowgun           |       |    27 |    16 ||    43
 Cast: Infusion          |     2 |       |       ||     2
Evoke: Wand              |       |       |     1 ||     1
  Use: Potion            |     4 |       |     2 ||     6
       Scroll            |       |     4 |     2 ||     6
 Stab: Sleeping          |     1 |       |       ||     1
  Eat: Chunk             |     5 |     5 |    11 ||    21
       Royal jelly       |       |       |     1 ||     1
Armor: Leather armour    |     4 |       |       ||     4
       Ring mail         |    21 |       |       ||    21
       Plate armour      |     2 |       |       ||     2
       Chain mail        |    43 |   129 |   193 ||   365
Dodge: Dodged            |    63 |    67 |   121 ||   251
Block: Buckler           |       |       |    44 ||    44
       Rpst.: Falchion   |    23 |    20 |    33 ||    76
